 Dungeon Crawl Stone Soup version 0.31-a0-1110-gab2881137f (webtiles) character file.

Game seed: 2071554255212487980

2281 ChronoRanger the Basher (level 9, -7/81 HPs)
             Began as a Minotaur Fighter on Dec 3, 2023.
             Mangled by a vampire (9 damage)
             ... on level 6 of the Dungeon.
             The game lasted 00:13:54 (5422 turns).

ChronoRanger the Basher (Minotaur Fighter)          Turns: 5422, Time: 00:13:55

Health: -7/81      AC: 10    Str: 26    XL:     9   Next: 16%
Magic:  8/8        EV:  9    Int:  5    God:
Gold:   363        SH:  0    Dex:  9    Spells: 8/8 levels left

rFire   + . .        a - +1 flail
rCold   . . .        c - +0 buckler
rNeg    + . .        b - +0 scale mail
rPois   .            m - +1 hat
rElec   .            (no cloak)
rCorr   .            g - +0 pair of gloves
SInv    .            (no boots)
Will    .....        (no amulet) Stlth
                     n - ring of protection from fire
HPRegen 0.33/turn    q - ring of positive energy
MPRegen 0.11/turn

%: no passive effects
@: confused, mighty
A: horns 2, retaliatory headbutt
a: no special abilities


You were on level 6 of the Dungeon.
You visited 1 branch of the dungeon, and saw 6 of its levels.

You collected 363 gold pieces.

Inventory:

Hand Weapons
 a - a +1 flail (weapon)
Armour
 b - a +0 scale mail (worn)
 c - a +0 buckler (worn)
 g - a +0 pair of gloves (worn)
 m - a +1 hat (worn)
Jewellery
 n - a ring of protection from fire (left hand)
 q - a ring of positive energy (right hand)
Wands
 j - a wand of polymorph (4)
 k - a wand of roots (14)
Scrolls
 l - a scroll of teleportation
 r - a scroll of blinking
Potions
 d - a potion of might
 e - 4 potions of curing
 h - a potion of lignification
 i - 2 potions of resistance
 p - a potion of enlightenment


   Skills:
 + Level 7.9 Fighting
 * Level 10.4 Maces & Flails
 + Level 8.0 Armour
 - Level 5.0 Shields


You had 8 spell levels left.
You didn't know any spells.
Your spell library contained the following spells:

 Spells                   Type           Power      Damage    Failure   Level
 Tukima's Dance           Hex            0%         N/A       98%         3
 Volatile Blastmotes      Fire/Tloc      0%         2d10      98%         3
 Fulminant Prism          Conj/Hex       0%         3d5       100%        4
 Iskenderun's Mystic Bla  Conj/Tloc      0%         2d3       100%        4
 Passage of Golubria      Tloc           0%         N/A       100%        4
 Yara's Violent Unravell  Hex/Tmut       0%         3d3       100%        5


Dungeon Overview and Level Annotations

Branches:
Dungeon (6/15)
 Temple: D:4-7

Altars:
Sif Muna
Xom

Shops:
D:4 :


Innate Abilities, Weirdness & Mutations

You have a pair of horns on your head.
You reflexively headbutt those who attack you in melee.


Message History

You hit the vampire.
The vampire is heavily damaged.
The vampire draws life force from you!
* * * LOW HITPOINT WARNING * * *
The vampire is healed by the life force!
You feel much better. You block the vampire's attack. The vampire bites you!
* * * LOW HITPOINT WARNING * * *
The vampire draws strength from your injuries!
You hit the vampire. You headbutt the vampire!
The vampire is heavily damaged.
You barely miss the vampire.
The vampire is heavily damaged.
The vampire mumbles some strange words.
The vampire flickers and vanishes!
Deactivating autopickup; reactivate with Ctrl-A.
You closely miss something. Something hits you.
* * * LOW HITPOINT WARNING * * *
Something completely misses you.
You hit something. You headbutt something. Something hits you!
* * * LOW HITPOINT WARNING * * *
Something bites you!
* * * LOW HITPOINT WARNING * * *
Something draws strength from your injuries!
You feel very mighty all of a sudden. Something draws life force from you!
* * * LOW HITPOINT WARNING * * *
You barely miss something.
You hear some strange, mumbled words.
You are confused.
You closely miss something. Something hits you but does no damage.
Something bites you.
* * * LOW HITPOINT WARNING * * *
Something hits you!
* * * LOW HITPOINT WARNING * * *
Something bites you but does no damage. Something hits you but does no damage.
Something bites you but does no damage.
There is a fountain of sparkling water here.
Something hits you but does no damage. Something bites you but does no damage.
Something hits you!
You die...

.........##.# ######.#
....###..##.# #......###
....##...##.###.###....#
...###.#........#.#....#
...###.####.#.###.###..##
......[# #...#⌠.).⌠#...#
..#########.###.....###.#
............#./..<.(..#.#
..#########.###.@..)###.#
..# #...#⌠[.[⌠#...# ..#
##..###.###.### #.#
#....#.#...# ..#
#..#.###.### .###
##.#.....# ...# #......##
.#.######## ###..###
..........######..####


There were no monsters in sight!

Vanquished Creatures
  Pikel (D:5)
  Grinder (D:4)
  A steam dragon (D:5)
  2 water moccasins
  3 ice beasts (D:6)
  2 black bears
  A sky beast (D:6)
  A lemure (D:5)
  2 phantoms (D:6)
  A scorpion (D:6)
  3 jellies
  3 hounds
  3 iguanas
  4 sleepcaps
  An orc wizard (D:6)
  4 adders
  A shadow imp (D:3)
  2 ufetubi (D:5)
  2 dart slugs
  15 orcs
  6 bats
  5 endoplasms
  2 giant cockroaches
  9 goblins
  9 hobgoblins
  2 jackals (D:4)
  8 kobolds
  A quokka (D:2)
  5 ball pythons
  2 frilled lizards (D:1)
  6 rats
108 creatures vanquished.

Notes
Turn   | Place    | Note
-------+----------+-------------------------------------------
     0 | D:1      | ChronoRanger the Minotaur Fighter began the quest for the
                  | Orb.
     0 | D:1      | Reached XP level 1. HP: 19/19 MP: 0/0
   232 | D:1      | Reached XP level 2. HP: 24/27 MP: 1/1
   359 | D:1      | Reached skill level 3 in Maces & Flails
   797 | D:2      | Reached XP level 3. HP: 33/33 MP: 2/2
  1606 | D:3      | Reached XP level 4. HP: 40/40 MP: 3/3
  1613 | D:3      | Reached skill level 4 in Maces & Flails
  1874 | D:3      | Found a shimmering altar of Xom.
  1945 | D:3      | Identified the +6 quarterstaff "Ramum" {flame, Int+2}
  2320 | D:4      | Reached XP level 5. HP: 44/47 MP: 4/4
  2671 | D:4      | Noticed Grinder
  2677 | D:4      | Paralysed by Grinder for 2 turns
  2681 | D:4      | Killed Grinder
  2682 | D:4      | Reached skill level 5 in Fighting
  2682 | D:4      | Reached skill level 5 in Maces & Flails
  2682 | D:4      | Reached skill level 5 in Armour
  2682 | D:4      | Reached skill level 5 in Shields
  2682 | D:4      | Reached XP level 6. HP: 17/56 MP: 5/5
  2821 | D:4      | Found Reosoac's Book Emporium.
  3333 | D:4      | Found a shimmering blue altar of Sif Muna.
  3358 | D:5      | Entered Level 5 of the Dungeon
  3416 | D:5      | Reached skill level 6 in Maces & Flails
  3493 | D:5      | Noticed Pikel
  3516 | D:5      | Killed Pikel
  3517 | D:5      | Reached skill level 7 in Maces & Flails
  3517 | D:5      | Reached XP level 7. HP: 27/63 MP: 6/6
  3923 | D:5      | Reached XP level 8. HP: 70/70 MP: 7/7
  3937 | D:5      | Reached skill level 8 in Maces & Flails
  4386 | D:6      | Reached skill level 9 in Maces & Flails
  4407 | D:6      | HP: 3/73 [something/magic dart (6)]
  4660 | D:6      | HP: 3/73 [ice beast (11)]
  4934 | D:6      | Reached skill level 10 in Maces & Flails
  4934 | D:6      | Reached XP level 9. HP: 68/80 MP: 8/8
  5418 | D:6      | HP: 1/81 [something (7)]
  5422 | D:6      | Mangled by a vampire

Illustrated notes

Levels and vault maps discovered:
D:1:      saegor_arrival_simple_a, layout_loops_ring
D:2:      layout_loops_ring
D:3:      layout_loops_ring, xom_butterflies
D:4:      layout_basic, lemuel_blue_sif_altar, serial_shops, shop, uniq_grinder
D:5:      layout_loops_ring, serial_glass, glass_columns_a, glass_columns_a,
          glass_columns_a, uniq_pikel
D:6:      layout_rooms, nicolae_fountain_basement

Skill      XL: |  1  2  3  4  5  6  7  8  9 |
---------------+----------------------------+-----
Maces & Flails | 3 4 5 7 10 | 10.4
Fighting       | 4 5 6 7 |  7.9
Armour         | 4 5 6 7 8 |  8.0
Shields        | 4 5 |  5.0

Action                     |  1- 3 |  4- 6 |  7- 9 || total
---------------------------+-------+-------+-------++-------
  Melee: Flail             |   109 |    87 |   148 ||   344
         Headbutt          |    10 |    15 |    30 ||    55
    Use: Scroll            |     6 |     9 |     3 ||    18
         Potion            |       |     2 |     5 ||     7
 Armour: Scale mail        |    77 |    43 |   147 ||   267
  Dodge: Dodged            |    51 |    30 |    76 ||   157
  Block: Buckler           |    23 |    24 |    28 ||    75

Table legend: (Time is in decaauts)
 A = Elapsed time spent in this place.
 B = Non-inter-level travel time spent in this place.
 C = Inter-level travel time spent in this place.
 D = Time resting spent in this place.
 E = Time spent auto-exploring this place.
 F = Levels seen in this place.
 G = Mean time per level.
                   A        B        C        D        E       F      G
               +--------+--------+--------+--------+--------+-----+--------+
         Total |   5462 |   5244 |    218 |    894 |   2400 |   6 |  910.3 |
       Dungeon |   5462 |   5244 |    218 |    894 |   2400 |   6 |  910.3 |
               +--------+--------+--------+--------+--------+-----+--------+

Top non-repeatable levels by time:
     D:5: 1138 daAuts
     D:4: 1057 daAuts
     D:6: 926 daAuts
     D:2: 793 daAuts
     D:1: 776 daAuts
     D:3: 770 daAuts
